 Dungeon Crawl Stone Soup version 0.26-a0-672-g1df16c3386 (console) character file.

Game seed: 14705717780546893986

170 jejorda2 the Ruffian (level 5, 0/46 HPs)
             Began as a Ghoul Monk on Oct 20, 2020.
             Slain by an ogre
             ... wielding a +0 giant club
              (24 damage)
             ... on level 5 of the Dungeon.
             The game lasted 00:05:42 (1608 turns).

jejorda2 the Ruffian (Ghoul Monk)                   Turns: 1608, Time: 00:05:43

Health: 0/46       AC:  9    Str: 16    XL:     5   Next: 51%
Magic:  4/4        EV:  7    Int:  5    God:
Gold:   165        SH:  0    Dex: 11    Spells: 4/4 levels left

rFire    . . .     SeeInvis .     - Unarmed
rCold    + . .     Faith    .   (no shield)
rNeg     + + +     Spirit   .   f - +0 chain mail
rPois    ∞         Reflect  .   g - +0 helmet
rElec    .         Harm     .   (no cloak)
rCorr    .         Rampage  .   (no gloves)
MR       .....                  (no boots)
Stlth    ..........             a - amulet of regeneration
HPRegen  0.00/turn              (no ring)
MPRegen  0.09/turn              (no ring)

@: no status effects
A: rotting body, claws 1, cold resistance 1, negative energy resistance 3,
inhibited regeneration, torment resistance, unbreathing
a: no special abilities


You were on level 5 of the Dungeon.
You visited 1 branch of the dungeon, and saw 4 of its levels.

You collected 165 gold pieces.

Inventory:

Armour
 f - a +0 chain mail (worn)
 g - a +0 helmet (worn)
Jewellery
 a - an amulet of regeneration (around neck)
Wands
 i - a wand of enslavement (11)
Scrolls
 d - 5 scrolls of identify
 e - a scroll of magic mapping
 h - 2 scrolls of remove curse {unknown}
 j - 2 scrolls of fear {unknown}
 k - a scroll of immolation {unknown}
Potions
 b - a potion of brilliance {unknown}
 c - 2 potions of curing


   Skills:
 - Level 4.0 Fighting
 - Level 2.6 Dodging
 - Level 2.1 Stealth
 * Level 5.7 Unarmed Combat
 + Level 1.6 Evocations


You had 4 spell levels left.
You didn't know any spells.
Your spell library was empty.

Dungeon Overview and Level Annotations

Branches:
Dungeon (5/15)             Temple (0/1) D:5

Altars:
Qazlal

Annotations:
D:3 Terence


Innate Abilities, Weirdness & Mutations

Your body is rotting away.
You thrive by killing the living.
You are immune to poison.
You have sharp fingernails.
Your flesh is cold resistant. (rC+)
You are immune to negative energy. (rN+++)
You do not regenerate when monsters are visible.
You are immune to unholy pain and torment.
You can survive without breathing.


Message History

There is a staircase to the Ecumenical Temple here.
There is a fountain of clear blue water here.
k - a scroll labeled CAT POPHUSKA
Found 18 stones.
Found 10 gold pieces.
You open the door.
Found a stone staircase leading down.
There is an open door here.
Found 3 gold pieces.
An ogre comes into view. It is wielding a +0 giant club.
Found a hunting sling.
The ogre hits you with a +0 giant club!!
Your chain mail prevents you from hitting the ogre.
The ogre barely misses you.
You scratch the ogre but do no damage. You scratch the ogre.
The ogre is moderately wounded.
The ogre hits you with a +0 giant club!!
Ouch! That really hurt!
You die...

.............#,,,,**,,**,***,***,
##.........###..).,,,,,,,,,,,*,,,
,##.##.##.###......,,,,,,,,,,*,,,
,,#.....#...#......,,,,,,,,,,*,,,
,,#.....#...#.....,,,,,,,,,,,+,,,
,*###..#######..#****#*********,,
+####..####.##..####.##.,******,,
....(....#..>......$....,,,*,,,,,
.........#......@O......,,,*,,,,,
.......$.'.......#######**,+,,,,,
.........#.......#***>*#**,*,,,,,
#..####..###....##*8,,,8**,****,,
#..***#..#*######**,,,,,*******'*
..,,,*....,,,,,,,*_,,,,,_*,,,,,,,
<,,,,+....,,,,,,,**,,,,,**,,,,,,,
,,,,,#....,,,,,,,**8,,,8**,,,,,,,
,,,,,#.....,,,,,,**,,,,,**,,,,,,,


You could see an ogre.

Vanquished Creatures
  A centaur zombie (D:5)
  An orc priest (D:2)
  An iguana (D:5)
  4 adders
  An ooze (D:2)
  2 dart slugs
  A leopard gecko (D:2)
  2 giant cockroaches
  4 goblins (D:1)
  6 hobgoblins
  A quokka (D:2)
  2 ball pythons
  6 bats
  A frilled lizard (D:1)
  7 kobolds
  A leopard gecko zombie (D:5)
  5 rats (D:1)
46 creatures vanquished.

Notes
Turn   | Place    | Note
-------+----------+-------------------------------------------
     0 | D:1      | jejorda2 the Ghoul Monk began the quest for the Orb.
     0 | D:1      | Reached XP level 1. HP: 19/19 MP: 0/0
   163 | D:1      | Reached XP level 2. HP: 26/26 MP: 1/1
   309 | D:1      | Reached skill level 4 in Unarmed Combat
   750 | D:2      | Reached XP level 3. HP: 33/33 MP: 2/2
  1187 | D:2      | Reached XP level 4. HP: 40/40 MP: 3/3
  1335 | D:3      | Noticed Terence
  1343 | D:2      | Reached skill level 5 in Unarmed Combat
  1345 | D:2      | Reached skill level 1 in Evocations
  1497 | D:3      | Reached XP level 5. HP: 46/46 MP: 4/4
  1507 | D:3      | You fall into a shaft and drop 2 floors!
  1507 | D:5      | Entered Level 5 of the Dungeon
  1520 | D:5      | Found a stormy altar of Qazlal.
  1556 | D:5      | Found a staircase to the Ecumenical Temple.
  1602 | D:5      | Noticed an ogre
  1608 | D:5      | Slain by an ogre

Illustrated notes

Levels and vault maps discovered:
D:1:      sevenhm_arrival_forest_fort_large_4, layout_rooms
D:2:      layout_basic
D:3:      layout_rooms, lemuel_round_altar, nicolae_overflow_crystal_walls,
          saegor_snake_ambush, uniq_terence
D:5:      layout_gridville, grunt_temple_overflow_order_and_chaos_1,
          kennysheep_little_box, nicolae_overflow_hidden_temple,
          minmay_temple_entry_large_hall, portal_sewer_entry_b

Skill      XL: |  1  2  3  4 |
---------------+-------------+-----
Unarmed Combat | 4 5 |  5.7
Fighting       | 4 |  4.0
Evocations     | 1 |  1.6
Dodging        | |  2.6
Stealth        | |  2.1

Action                   |  1- 3 |  4- 6 || total
-------------------------+-------+-------++-------
Melee: Unarmed           |   118 |    56 ||   174
       Punch             |     1 |       ||     1
  Use: Scroll            |       |     2 ||     2
 Stab: Sleeping          |     1 |       ||     1
Armor: Ring mail         |    13 |       ||    13
       Chain mail        |    64 |    39 ||   103
Dodge: Dodged            |    55 |    23 ||    78

Table legend: (Time is in decaauts)
 A = Elapsed time spent in this place.
 B = Non-inter-level travel time spent in this place.
 C = Inter-level travel time spent in this place.
 D = Time resting spent in this place.
 E = Time spent auto-exploring this place.
 F = Levels seen in this place.
 G = Mean time per level.
                   A        B        C        D        E       F      G
               +--------+--------+--------+--------+--------+-----+--------+
         Total |   1611 |   1475 |    136 |      0 |   1064 |   4 |  402.8 |
       Dungeon |   1611 |   1475 |    136 |      0 |   1064 |   4 |  402.8 |
               +--------+--------+--------+--------+--------+-----+--------+

Top non-repeatable levels by time:
     D:1: 728 daAuts
     D:2: 639 daAuts
     D:3: 144 daAuts
     D:5: 98 daAuts
